 Dungeon Crawl Stone Soup version 0.17.1-3-g152610e (webtiles) character file.

219 moxian the Slasher (level 5, -4/34 HPs)
             Began as a High Elf Skald on Apr 17, 2016.
             Shot with an arrow by a centaur (9 damage)
             ... on level 4 of the Dungeon.
             The game lasted 00:15:33 (3345 turns).

moxian the Slasher (High Elf Skald)                 Turns: 3345, Time: 00:15:33

Health: -4/34      AC:  2    Str: 12    XL:     5   Next: 64%
Magic:  6/9        EV: 13    Int: 15    God:
Gold:   112        SH:  0    Dex: 15    Spells: 2 memorised, 5 levels left

rFire  . . .     SeeInvis .     a - +0 falchion
rCold  . . .     Clarity  .     w - -1 leather armour (curse)
rNeg   . . .     SustAt   .     (no shield)
rPois  .         Gourm    .     (no helmet)
rElec  .         Spirit   .     (no cloak)
rCorr  .         Warding  .     (no gloves)
rMut   .         Stasis   .     (no boots)
MR     .....                    (no amulet)
Stlth  +.........               (no ring)
                                (no ring)

@: shrouded (expiring), infused, slowed, very slow, not resistant to hostile
enchantments, very unstealthy
A: no striking features
a: no special abilities


You were on level 4 of the Dungeon.
You were very hungry.

You visited 1 branch of the dungeon, and saw 4 of its levels.

You collected 112 gold pieces.

Inventory:

Hand Weapons
 a - a +0 falchion (weapon)
 m - a +0 falchion
 u - a +0 rapier
Missiles
 e - 96 stones (quivered)
 i - 62 arrows
 n - 11 arrows of dispersal
 q - 19 sling bullets
 r - 16 bolts
 t - 4 tomahawks
Armour
 b - a +0 leather armour
 w - a cursed -1 leather armour (worn)
Scrolls
 g - a scroll of fog {unknown}
 h - a scroll of enchant weapon {unknown}
 p - 2 scrolls of identify
 s - 3 scrolls of teleportation {unknown}
Potions
 f - a potion of curing
 k - a potion of flight
 o - a potion of heal wounds
 v - a potion of agility {unknown}
Books
 c - a book of Battle

   Spells                             Type                      Level
   a - Infusion                       Charms                       1
   b - Shroud of Golubria             Charms/Translocation         2
   c - Song of Slaying                Charms                       2
   d - Spectral Weapon                Hexes/Charms                 3
   e - Regeneration                   Charms/Necromancy            3
Comestibles
 d - 4 bread rations
 j - 2 fruits
 l - 2 beef jerkies
 x - a slice of pizza
 z - 2 chunks of flesh


   Skills:
 - Level 2.0 Fighting
 - Level 4.0 Long Blades
 - Level 0.8 Armour
 - Level 3.0 Dodging
 - Level 2.4 Spellcasting
 - Level 3.9 Charms
 + Level 4.0 Translocations


You had 5 spell levels left.
You knew the following spells:

 Your Spells              Type           Power        Failure   Level  Hunger
a - Infusion              Chrm           ##....       6%          1    #......
b - Shroud of Golubria    Chrm/Tloc      ##........   10%         2    ###....


Dungeon Overview and Level Annotations

Branches:
Dungeon (4/15)
 Temple: D:4-7

Altars:
Ashenzari
Elyvilon
Makhleb
Yredelemnul

Annotations:
D:4 Blork the orc


Message History

You hit Natasha.
Natasha is almost dead.
Natasha closely misses you. Natasha misses you.
You hit Natasha.
You kill Natasha!
Natasha screams in fury as she dies!
Your Translocations skill increases to level 4!
You see here the felid corpse of Natasha.
You butcher the felid corpse of Natasha.
Your shroud begins to fray at the edges.
Things that are here:
2 chunks of flesh; the felid skeleton of Natasha
z - 2 chunks of flesh The centaur shouts!
The centaur shoots an arrow.
The arrow misses you.
The centaur shoots an arrow.
The arrow hits you!
The centaur shoots an arrow.
The arrow hits you!
* * * LOW HITPOINT WARNING * * *
The centaur shoots an arrow.
The arrow hits you!
You die...

#.........#
#.........###
#...........######
#................#
#................###
#..................#
...........?..#..##
.............รท....##
............@........
.........##.....#...
........([.........
####.....>.....c#
#..............
#..............
..............
##...........# . . ..
#...#.## ...a..


You could see a centaur.

Vanquished Creatures
  Natasha (D:4)
  An orc wizard (D:3)
  2 worker ants
  2 adders (D:2)
  2 oozes (D:1)
  2 worms
  A giant gecko (D:2)
  6 orcs
  2 ball pythons
  4 giant cockroaches
  6 hobgoblins
  9 jackals
  9 kobolds
  2 quokkas (D:3)
  9 bats
  6 giant newts
  9 goblins
  13 rats
  A spectral orc (D:3)
87 creatures vanquished.

Notes
Turn   | Place    | Note
--------------------------------------------------------------
     0 | D:1      | moxian the High Elf Skald began the quest for the Orb.
     0 | D:1      | Reached XP level 1. HP: 14/14 MP: 4/4
   323 | D:1      | Reached XP level 2. HP: 16/19 MP: 0/6
   361 | D:1      | Learned a level 2 spell: Shroud of Golubria
   518 | D:1      | Reached skill level 1 in Translocations
   585 | D:1      | Reached XP level 3. HP: 18/24 MP: 7/7
   672 | D:1      | Found a shattered altar of Ashenzari.
  1319 | D:2      | Reached XP level 4. HP: 15/29 MP: 0/8
  1564 | D:2      | Reached skill level 4 in Long Blades
  1659 | D:2      | Found a burning altar of Makhleb.
  1722 | D:2      | Found a white marble altar of Elyvilon.
  2862 | D:3      | Found a basalt altar of Yredelemnul.
  2912 | D:3      | Reached XP level 5. HP: 28/34 MP: 3/9
  2930 | D:4      | Noticed a centaur
  2932 | D:4      | Noticed Blork the orc
  3331 | D:4      | Noticed Natasha
  3341 | D:4      | Killed Natasha
  3345 | D:4      | Shot with an arrow by a centaur

Action                   |  1- 3 |  4- 6 || total
-------------------------+-------+-------++-------
Melee: Falchion          |   157 |   169 ||   326
Throw: Stone             |       |     5 ||     5
 Cast: Infusion          |     4 |     3 ||     7
       Shroud of Golubri |     9 |    18 ||    27
  Use: Scroll            |       |     4 ||     4
  Eat: Chunk             |     2 |     7 ||     9
